AoeStats
← † BigMakh †

Black Forest

510356597Analyzed
4v4 RM · 1d ago on Sep 30, 2026· 56m 36s· 8 players
Game mode
Random Map
Map size
Large (8 player)
Population
200
Speed
Normal
Resources
Standard
Victory
Conquest
Starting age
Dark Age
Ending age
Imperial Age
RankedLock teamsTeams togetherTeam positionsShared explorationLock speedFull tech treeHidden civsTurbo modeCheats
Victory
Defeat
🇨🇦 Britons · Canada
1137
+11
🇹🇼 Hindustanis · Taiwan
1121
+12
🇨🇱 Saxons · Chile
1074
+14
🇮🇹 Goths · Italy
1003
+16
🇪🇸 Khmer · Spain
1051
-14
🇳🇱 Italians · Netherlands
1047
-14
🇪🇸 Teutons · Spain
1015
-13
🇸🇦 Bohemians · Saudi Arabia
994
-12
ToGodd
10:51 Feudal Age
14:13 Castle Age
12:49 Double-Bit Axe
14:14 Loom
17:00 Gold Mining
16:51 Horse Collar
19:31 Wheelbarrow
27:50 Imperial Age
27:06 Fletching
27:09 Town Watch
29:02 Bloodlines
28:53 Husbandry
28:55 Stone Mining
30:09 Chemistry
30:10 Bow Saw
30:39 Gold Shaft Mining
31:18 Ballistics
31:52 Hand Cart
31:51 Forging
31:47 Scale Barding Armor
31:39 Bodkin Arrow
32:18 Double Crossbow
32:41 Conscription
33:08 Iron Casting
32:56 Heavy Plow
33:35 Stone Shaft Mining
33:10 Light Cavalry
34:32 Siege Engineers
35:24 Town Patrol
35:15 Hussar
36:02 Heavy Scorpion
36:37 Cavalier
38:14 Murder Holes
38:30 Fortified Wall
38:30 Masonry
39:02 Chain Barding Armor
41:03 Hoardings
39:49 Elite Ballista Elephant
42:06 Plate Barding Armor
41:31 Bracer
44:32 Architecture
45:06 Blast Furnace
44:45 Scale Mail Armor
45:02 Tusk Swords
Cast
1:20 Loom
14:00 Feudal Age
17:32 Castle Age
16:09 Double-Bit Axe
16:08 Horse Collar
20:48 Bow Saw
23:15 Fletching
26:23 Bodkin Arrow
27:09 Gold Mining
28:20 Padded Archer Armor
28:28 Thumb Ring
32:59 Imperial Age
31:24 Stone Mining
32:40 Wheelbarrow
32:07 Town Watch
33:50 Coinage
33:22 Caravan
33:44 Bracer
34:08 Ballistics
35:11 Conscription
35:08 Leather Archer Armor
35:55 Chemistry
35:43 Elite Genoese Crossbowman
41:30 Murder Holes
MIERES
0:31 Loom
14:33 Feudal Age
18:49 Castle Age
17:26 Double-Bit Axe
19:57 Horse Collar
25:08 Wheelbarrow
24:46 Bow Saw
24:40 Heavy Plow
25:06 Stone Mining
29:30 Gold Mining
33:01 Imperial Age
30:47 Hand Cart
31:31 Fletching
31:47 Scale Barding Armor
31:52 Forging
32:22 Bloodlines
32:22 Caravan
33:11 Bodkin Arrow
35:05 Chemistry
34:26 Ballistics
34:53 Crenellations
35:30 Pikeman
36:11 Squires
36:19 Halberdier
37:17 Scale Mail Armor
37:52 Iron Casting
41:52 Onager
† BigMakh †
0:27 Loom
14:01 Feudal Age
14:45 Horse Collar
14:51 Double-Bit Axe
22:04 Castle Age
23:31 Caravan
25:31 Wheelbarrow
30:20 Imperial Age
29:31 Chemistry
29:14 Heavy Plow
29:54 Bow Saw
30:59 Ballistics
32:33 Hand Cart
33:22 Two-Man Saw
33:49 Conscription
33:22 Elite Hussite Wagon
35:28 Houfnice
37:47 Siege Engineers
Philippe6390
0:26 Loom
14:07 Feudal Age
15:24 Wheelbarrow
14:42 Double-Bit Axe
21:12 Castle Age
19:22 Horse Collar
19:37 Stone Mining
21:07 Gold Mining
30:26 Heavy Plow
33:29 Bow Saw
33:49 Hand Cart
33:34 Fletching
33:09 Pikeman
37:13 Forging
37:06 Scale Mail Armor
39:40 Imperial Age
37:18 Town Watch
38:32 Gold Shaft Mining
38:28 Chain Mail Armor
38:53 Bodkin Arrow
39:24 Ballistics
39:46 Padded Archer Armor
40:48 Iron Casting
40:31 Warwolf
40:57 Conscription
41:14 Hoardings
41:52 Heated Shot
43:03 Chemistry
42:09 Siege Engineers
42:15 Masonry
42:23 Leather Archer Armor
42:37 Elite Skirmisher
44:22 Bracer
44:53 Ring Archer Armor
45:24 Blast Furnace
44:54 Plate Mail Armor
44:27 Town Patrol
44:09 Treadmill Crane
44:21 Halberdier
45:03 Squires
46:17 Scale Barding Armor
49:02 Man-at-Arms
49:28 Arson
49:29 Gambesons
49:34 Cranequins
49:35 Crossbowman
49:36 Heavy Mounted Crossbowman
49:41 Elite Longbowman
49:53 Sappers
50:51 Yeomen
49:55 Long Swordsman
51:13 Arbalester
51:17 Two-Handed Swordsman
52:05 Champion
53:17 Chain Barding Armor
53:08 Siphons
53:15 Fortified Wall
53:01 Murder Holes
54:24 Architecture
54:11 Guard Tower
54:08 Arrowslits
54:34 Careening
54:34 Clinker Construction
54:45 Shipwright
55:09 Plate Barding Armor
56:04 Guilds
55:55 Caravan
56:25 Coinage
56:33 Onager
56:34 Heavy Scorpion
56:35 Capped Ram
qooqaz456
7:07 Loom
11:32 Feudal Age
15:21 Castle Age
13:46 Double-Bit Axe
15:10 Horse Collar
17:06 Bow Saw
20:57 Heavy Plow
21:39 Wheelbarrow
23:38 Gold Mining
23:49 Stone Mining
25:13 Hand Cart
29:10 Imperial Age
26:33 Town Watch
29:31 Scale Barding Armor
29:36 Forging
29:49 Husbandry
30:03 Bloodlines
30:01 Grand Trunk Road
30:24 Conscription
29:48 Heavy Camel Rider
30:55 Chain Barding Armor
30:49 Town Patrol
31:33 Shatagni
32:26 Gold Shaft Mining
32:28 Stone Shaft Mining
31:29 Imperial Camel Rider
33:20 Ballistics
34:00 Chemistry
32:57 Murder Holes
33:40 Plate Barding Armor
33:42 Iron Casting
35:40 Blast Furnace
34:42 Padded Archer Armor
34:50 Siege Engineers
42:23 Light Cavalry
44:19 Coinage
43:51 Caravan
44:09 Hussar
GENIACO
3:16 Loom
11:27 Feudal Age
13:04 Double-Bit Axe
13:05 Horse Collar
14:05 Gold Mining
17:05 Castle Age
18:21 Bow Saw
28:32 Redemption
28:43 Sanctity
27:59 Clerical Recruitment
31:26 Imperial Age
29:25 Heavy Plow
29:40 Stone Mining
30:41 Masonry
31:09 Scale Mail Armor
31:52 Ballistics
31:31 Murder Holes
31:40 Town Watch
32:31 Wheelbarrow
32:16 Forging
32:39 Conscription
33:24 Chain Mail Armor
34:09 Hand Cart
33:23 Elite Hearth Troop
35:08 Plate Mail Armor
35:08 Block Printing
35:40 Architecture
37:02 Clerical Recruitment
39:19 Iron Casting
38:46 Squires
40:19 Fletching
42:06 Two-Man Saw
41:59 Theocracy
41:34 Bodkin Arrow
Pijildur
2:14 Loom
14:09 Feudal Age
15:03 Double-Bit Axe
15:11 Horse Collar
21:38 Castle Age
20:32 Stone Mining
20:39 Gold Mining
22:01 Wheelbarrow
22:46 Bow Saw
22:38 Heavy Plow
23:41 Stone Shaft Mining
25:50 Hand Cart
28:56 Town Watch
29:13 Squires
28:35 Pikeman
29:16 Scale Mail Armor
30:10 Forging
29:21 Man-at-Arms
30:57 Anarchy
33:33 Imperial Age
31:48 Caravan
32:21 Long Swordsman
33:22 Chain Mail Armor
33:55 Anarchy
34:34 Iron Casting
35:27 Two-Man Saw
35:13 Crop Rotation
35:06 Conscription
34:08 Two-Handed Swordsman
34:11 Capped Ram
36:11 Perfusion
35:49 Elite Huskarl
36:36 Halberdier
40:26 Blast Furnace
42:34 Champion
Connection lost

Rejoining the realm…

Still unreachable

The connection could not be restored.

Session expired

The server has moved on; the page needs a fresh start.